 Dungeon Crawl Stone Soup version 0.31-a0-229-g1fc7ce93e2 (webtiles) character file.

Game seed: 4462345733150961958

44 qw the Shooter (level 3, -4/29 HPs)
             Began as a Minotaur Hexslinger on July 6, 2023.
             Killed from afar by Sigmund (10 damage)
             ... with a puff of flame
             ... on level 3 of the Dungeon.
             The game lasted 00:00:31 (1112 turns).

qw the Shooter (Minotaur Hexslinger)                Turns: 1112, Time: 00:00:31

Health: -4/29      AC: 10    Str: 11 (12) XL:     3   Next: 39%
Magic:  3/3        EV: 10    Int:  9 (10) God:
Gold:   41         SH:  0    Dex: 11 (14) Spells: 3/4 levels left

rFire   . . .        Y - +2 sling
rCold   . . .        (no shield)
rNeg    . . .        h - +0 ring mail
rPois   .            (helmet restricted)
rElec   .            j - +0 cloak
rCorr   .            (no gloves)
SInv    .            (no boots)
Will    .....        (no amulet)
Stlth   +            f - +4 ring of protection
HPRegen 0.24/turn    (no ring)
MPRegen 0.08/turn

%: no passive effects
@: no status effects
A: horns 2, retaliatory headbutt
a: no special abilities


You were on level 3 of the Dungeon.
You visited 1 branch of the dungeon, and saw 3 of its levels.

You collected 41 gold pieces.


Innate Abilities, Weirdness & Mutations

You have a pair of horns on your head.
You reflexively headbutt those who attack you in melee.


   Skills:
 - Level 2.0 Fighting
 + Level 3.9 Ranged Weapons
 - Level 2.1 Dodging
 - Level 1.0 Spellcasting
 - Level 2.0 Hexes


You had 3 spell levels left.
You knew the following spells:

 Your Spells              Type           Power      Damage    Failure   Level
a - Slow                  Hex            16%        N/A       36%         1

Your spell library contained the following spells:

 Spells                   Type           Power      Damage    Failure   Level
 Inner Flame              Hex/Fire       2%         N/A       87%         3
 Portal Projectile        Hex/Tloc       4%         N/A       87%         3
 Cause Fear               Hex            2%         N/A       98%         4

Inventory:

Hand Weapons
 Y - a +2 sling (weapon)
Armour
 h - a +0 ring mail (worn)
 j - a +0 cloak (worn)
Jewellery
 d - a ring of fire
 f - a +4 ring of protection (left hand)
Scrolls
 k - a scroll of teleportation
Potions
 a - a potion of magic {unknown}
 b - a potion of haste {unknown}
 e - a potion of mutation {unknown}
 i - a potion of brilliance {unknown}
 m - a potion of might {unknown}

Dungeon Overview and Level Annotations

Branches:
Dungeon (3/15)

Altars:
Xom

Annotations:
D:3 1 transporter, Sigmund


Message History

You shoot a sling bullet. The sling bullet hits Sigmund.
Sigmund is moderately wounded.
You shoot a sling bullet. The sling bullet hits Sigmund.
Sigmund is heavily wounded.
You shoot a sling bullet. The sling bullet hits Sigmund.
Sigmund is heavily wounded.
You shoot a sling bullet.
The sling bullet closely misses Sigmund.
Sigmund closely misses you.
You shoot a sling bullet. The sling bullet hits Sigmund.
Sigmund is heavily wounded.
Sigmund gestures at you while chanting. The puff of flame misses you.
You shoot a sling bullet. The sling bullet barely misses Sigmund.
Sigmund gestures at you while chanting. The magic dart hits you!
Sigmund barely misses you.
You shoot a sling bullet. The sling bullet hits Sigmund.
Sigmund is severely wounded.
You shoot a sling bullet. The sling bullet barely misses Sigmund.
Sigmund points at you and mumbles some strange words.
You resist with significant effort.
Sigmund gestures wildly while chanting.
Sigmund flickers and vanishes!
Deactivating autopickup; reactivate with Ctrl-A.
You shoot a sling bullet.
A magic dart appears from out of thin air!
The magic dart hits you.
You shoot a sling bullet. Something hits you but does no damage.
You shoot a sling bullet. Something hits you!
You shoot a sling bullet. Something hits you.
You shoot a sling bullet. Something hits you.
You shoot a sling bullet.
You hear some strange, mumbled words.
A puff of flame appears from out of thin air!
The puff of flame hits you!
You die...

#......####. .......
+........... #.....#
#....#......
#.$...####....+...... ..
#.....#......##......
#..#.....#......##......
#.....{................
#..............#......
#.. #@..../....#......
#..#..........####...
#...............# ...
#........)#+#.#.# ...
#.####....# ...... .. #.
#....# ....... $ #
#....# ........ +....#
....... #....#


There were no monsters in sight!

Vanquished Creatures
  An adder (D:2)
  3 dart slugs
  2 ball pythons
  A bat (D:2)
  3 endoplasms
  3 goblins
  6 hobgoblins
  2 kobolds (D:1)
  A quokka (D:1)
  A frilled lizard (D:2)
  3 rats
26 creatures vanquished.

Notes
Turn   | Place    | Note
-------+----------+-------------------------------------------
     0 | D:1      | qw the Minotaur Hexslinger began the quest for the Orb.
     0 | D:1      | Reached XP level 1. HP: 16/16 MP: 1/1
     0 | D:1      | 0 ||| qw: Version: 0.3-a-46-gb1f654a
     0 | D:1      | 0 ||| qw: Game counter: 1709
     0 | D:1      | 0 ||| qw: Melee chars always use a shield: true
     0 | D:1      | 0 ||| qw: God list: Okawaru
     0 | D:1      | 0 ||| qw: Allow faded altars: false
     0 | D:1      | 0 ||| qw: Do Orc after clearing Dungeon:15 true
     0 | D:1      | 0 ||| qw: Do second Lair branch before Depths: true
     0 | D:1      | 0 ||| qw: Lair rune preference: random
     0 | D:1      | 0 ||| qw: Goals: Normal
     0 | D:1      | 0 ||| PLANNING D:1-11
    86 | D:1      | 86 ||| FLEEEEING.
    87 | D:1      | 87 ||| FLEEEEING.
    88 | D:1      | 88 ||| FLEEEEING.
    89 | D:1      | 89 ||| FLEEEEING.
    90 | D:1      | 90 ||| FLEEEEING.
    91 | D:1      | 91 ||| FLEEEEING.
    92 | D:1      | 92 ||| FLEEEEING.
    93 | D:1      | 93 ||| FLEEEEING.
    94 | D:1      | 94 ||| FLEEEEING.
    95 | D:1      | 95 ||| FLEEEEING.
    96 | D:1      | 96 ||| FLEEEEING.
    97 | D:1      | 97 ||| FLEEEEING.
    98 | D:1      | 98 ||| FLEEEEING.
   194 | D:1      | Reached skill level 3 in Ranged Weapons
   213 | D:1      | Reached XP level 2. HP: 23/23 MP: 2/2
   238 | D:1      | Found a faded altar of an unknown god.
   457 | D:1      | 457 ||| UPGRADING to +0 cloak.
   462 | D:1      | 462 ||| UPGRADING to +4 ring of protection.
   463 | D:1      | 463 ||| READING scroll labelled NEOCSO LERU.
   464 | D:1      | 464 ||| READING scroll labelled COFIBI MIAKK.
   465 | D:1      | 465 ||| READING scroll labelled NIALAUF VYCVI.
   466 | D:1      | 466 ||| READING scroll labelled COCRUERYSU.
   470 | D:1      | 470 ||| DROPPING scroll of poison.
   624 | D:2      | Identified the +10 whip "Idoribloc" {flame, rN+ Str-4
                  | Dex+3}
   650 | D:2      | Reached XP level 3. HP: 29/29 MP: 3/3
   656 | D:2      | Found a shimmering altar of Xom.
   864 | D:2      | 864 ||| UPGRADING to +0 ring mail.
   874 | D:2      | 874 ||| DROPPING +0 robe.
   875 | D:2      | 875 ||| READING 2 scrolls labelled QIEPLU POVVYGG.
   876 | D:2      | 876 ||| READING scroll labelled TUN QOLIRELACUEL.
   977 | D:2      | 977 ||| READING scroll labelled RIOVUYROJIO.
   978 | D:2      | 978 ||| DRINKING 2 dark potions.
   979 | D:2      | 979 ||| DROPPING scroll of fog.
   980 | D:2      | 980 ||| DROPPING potion of degeneration.
  1033 | D:3      | Found a transporter.
  1097 | D:3      | Noticed Sigmund
  1111 | D:3      | HP: 6/29 [something (6)]
  1112 | D:3      | Killed from afar by Sigmund

Levels and vault maps discovered:
D:1:      minmay_arrival_loop, layout_rooms, shapermc_ecumenical_altar_gd
D:2:      layout_rooms, basic_altar
D:3:      gammafunk_wand_slinger, layout_basic, minmay_large_rounded_square,
          amcnicky_mini_rare_corridor_liquid, uniq_sigmund

Skill      XL: |  1  2 |
---------------+-------+-----
Ranged Weapons | 3 |  3.9
Fighting       | 2 |  2.0
Dodging        | |  2.1
Spellcasting   | |  1.0
Hexes          | |  2.0

Action                     || total
---------------------------++-------
   Fire: Sling             ||    91
    Use: Scroll            ||     7
         Potion            ||     1
 Armour: Robe              ||     1
         Ring mail         ||    12
  Dodge: Dodged            ||    17

Table legend:
 A = Non-vault XP
 B = Vault XP
 C = Vault XP percentage of total XP
 D = Non-vault monster count
 E = Vault monster count
 F = Vault count percentage of total count
                 A         B        C        D         E       F
            +---------+---------+-------+---------+---------+-------
      Total |      63 |       0 |   0.0 |      26 |       0 |   0.0
            +---------+---------+-------+---------+---------+-------
        D:1 |      31 |       0 |   0.0 |      15 |       0 |   0.0
        D:2 |      24 |       0 |   0.0 |       7 |       0 |   0.0
        D:3 |       8 |       0 |   0.0 |       4 |       0 |   0.0
            +---------+---------+-------+---------+---------+-------
